| TOP OF THE 1ST |
|
Seattle (APP) Mariners batting - Pitching for Detroit (APP) Tigers : RHP Cam Hurley
|
|
Pitching: RHP Cam Hurley
|
|
|
Batting: RHB Carlton McDonald
|
0-0: Ball 1-0: Ball 2-0: Foul Ball, location: 2F 2-1: Foul Ball, location: 2F 2-2: Foul Ball, location: 2F 2-2: Ground out 2-3 (Groundball, 13S, EV 72.5 MPH)
|
|
Batting: LHB William Gonzales
|
0-0: SOLO HOME RUN (Flyball, 9D, EV 95.0 MPH), Distance : 363 ft
|
|
Batting: RHB Rich Griffith
|
0-0: DOUBLE (Line Drive, 9LS, EV 100.6 MPH)
|
|
Batting: RHB Eddie Luna
|
0-0: Called Strike 0-1: Ball 1-1: Ball 2-1: 2-RUN HOME RUN (Flyball, 7LD, EV 94.4 MPH), Distance : 342 ft
|
|
Batting: RHB Victor Rosas
|
0-0: Foul Ball, location: 2F 0-1: Ball 1-1: Ground out U3 (Groundball, 3, EV 86.2 MPH)
|
|
Batting: RHB Ziven Badersky
|
0-0: SINGLE (Groundball, 6S, EV 67.5 MPH) (infield hit)
|
|
Batting: RHB Steve Carmichael
|
0-0: Ball 1-0: Foul Ball, location: 2F 1-1: Called Strike 1-2: Ball 2-2: Foul Ball, location: 2F 2-2: Foul Ball, location: 2F 2-2: Fielders Choice at 2nd, 6-4 (Groundball, 6, EV 86.9 MPH)
|
| Top of the 1st over - 3 runs, 4 hits, 0 errors, 1 left on base; Seattle (APP) 3 - Detroit (APP) 0 |
| BOTTOM OF THE 1ST |
|
Detroit (APP) Tigers batting - Pitching for Seattle (APP) Mariners : LHP Omar Gutierrez
|
|
Pitching: LHP Omar Gutierrez
|
|
|
Batting: RHB Kevin Steed
|
0-0: Called Strike 0-1: Ball 1-1: Swinging Strike 1-2: Hit by Pitch
|
|
Batting: RHB Alex Duarte
|
0-0: Ball 1-0: SINGLE (Groundball, 4M, EV 101.9 MPH) (infield hit) Kevin Steed to second
|
|
Batting: RHB German Quiroga
|
0-0: Ball 1-0: Called Strike 1-1: Ball 2-1: Called Strike 2-2: Foul Ball, location: 2F 2-2: Fielders Choice at 2nd, 3-6 (Groundball, 34S, EV 84.4 MPH) Kevin Steed to third
|
|
Batting: RHB Ernst Meloche
|
0-0: Foul Ball, location: 2F 0-1: Fly out, F9 (Flyball, 9, EV 86.2 MPH)
|
|
Batting: RHB Juan Acero
|
0-0: Ball 1-0: Fielders Choice at 2nd, 5-4 (Groundball, 56, EV 103.1 MPH)
|
| Bottom of the 1st over - 0 runs, 1 hit, 0 errors, 2 left on base; Seattle (APP) 3 - Detroit (APP) 0 |
| TOP OF THE 2ND |
|
Seattle (APP) Mariners batting - Pitching for Detroit (APP) Tigers : RHP Cam Hurley
|
|
Batting: LHB Garrett Dodge
|
0-0: Ball 1-0: Called Strike 1-1: Foul Ball, location: 2F 1-2: Strikes out swinging
|
|
Batting: LHB Ryan Daniels
|
0-0: Called Strike 0-1: Ball 1-1: Fly out, F9 (Flyball, 9D, EV 88.1 MPH)
|
|
Batting: RHB Carlton McDonald
|
0-0: Called Strike 0-1: Ground out 4-3 (Groundball, 4, EV 83.8 MPH)
|
| Top of the 2nd over - 0 runs, 0 hits, 0 errors, 0 left on base; Seattle (APP) 3 - Detroit (APP) 0 |
| BOTTOM OF THE 2ND |
|
Detroit (APP) Tigers batting - Pitching for Seattle (APP) Mariners : LHP Omar Gutierrez
|
|
Batting: RHB Jeremiah Washington
|
0-0: SINGLE (Groundball, 56D, EV 99.4 MPH)
|
|
Batting: RHB Jamie Villagrana
|
0-0: Ball 1-0: SINGLE (Groundball, 6MD, EV 101.2 MPH) Jeremiah Washington to second
|
|
Batting: RHB John Barton
|
0-0: Foul Ball, location: 2F 0-1: Ball 1-1: Ball 2-1: Swinging Strike 2-2: Strikes out swinging
|
|
Batting: RHB Nate Dabney
|
0-0: Ball 1-0: Ball 2-0: Called Strike 2-1: Called Strike 2-2: Strikes out swinging
|
|
Batting: RHB Kevin Steed
|
0-0: Called Strike 0-1: Swinging Strike 0-2: Foul Ball, location: 2F 0-2: Ball 1-2: Ball 2-2: TRIPLE (Flyball, 8LXD, EV 96.9 MPH) Jeremiah Washington scores Jamie Villagrana scores
|
|
Batting: RHB Alex Duarte
|
0-0: Ball 1-0: Ball 2-0: Called Strike 2-1: Ball 3-1: Base on Balls
|
|
Batting: RHB German Quiroga
|
0-0: Ball 1-0: Ball 2-0: Ball 3-0: Base on Balls Alex Duarte to second
|
|
Batting: RHB Ernst Meloche
|
0-0: Swinging Strike 0-1: Ball 1-1: Foul Ball, location: 2F 1-2: Ball 2-2: Foul Ball, location: 2F 2-2: Foul Ball, location: 2F 2-2: Foul Ball, location: 2F 2-2: SINGLE (Groundball, 34D, EV 96.2 MPH) Kevin Steed scores Alex Duarte to third German Quiroga to second Runner from 3rd tries for Home, SAFE, throw by RF to home
|
|
Batting: RHB Juan Acero
|
0-0: Foul Ball, location: 2F 0-1: Foul Ball, location: 2F 0-2: Ball 1-2: Foul Ball, location: 2F 1-2: Strikes out looking
|
| Bottom of the 2nd over - 4 runs, 4 hits, 0 errors, 2 left on base; Seattle (APP) 3 - Detroit (APP) 4 |
| TOP OF THE 3RD |
|
Seattle (APP) Mariners batting - Pitching for Detroit (APP) Tigers : RHP Cam Hurley
|
|
Batting: LHB William Gonzales
|
0-0: Ball 1-0: Foul Ball, location: 2F 1-1: Ball 2-1: Ball 3-1: Foul Ball, location: 2F 3-2: SOLO HOME RUN (Flyball, 9LD, EV 90.6 MPH), Distance : 326 ft
|
|
Batting: RHB Rich Griffith
|
0-0: Ball 1-0: Fly out, F7 (Flyball, 7LSF, EV 94.4 MPH)
|
|
Batting: RHB Eddie Luna
|
0-0: Ground out 5-3 (Groundball, 56, EV 89.4 MPH)
|
|
Batting: RHB Victor Rosas
|
0-0: Called Strike 0-1: Foul Ball, location: 2F 0-2: Ball 1-2: Foul Ball, location: 2F 1-2: Ball 2-2: Foul Ball, location: 2F 2-2: Ground out 5-3 (Groundball, 5, EV 83.1 MPH)
|
| Top of the 3rd over - 1 run, 1 hit, 0 errors, 0 left on base; Seattle (APP) 4 - Detroit (APP) 4 |
| BOTTOM OF THE 3RD |
|
Detroit (APP) Tigers batting - Pitching for Seattle (APP) Mariners : LHP Omar Gutierrez
|
|
Batting: RHB Jeremiah Washington
|
0-0: Ball 1-0: Ground out U3 (Groundball, 13, EV 82.5 MPH)
|
|
Batting: RHB Jamie Villagrana
|
0-0: Foul Ball, location: 2F 0-1: Ball 1-1: Ball 2-1: Ball 3-1: Base on Balls
|
|
Batting: RHB John Barton
|
0-0: Grounds into double play, 6-4-3 (Groundball, 6, EV 86.9 MPH)
|
| Bottom of the 3rd over - 0 runs, 0 hits, 0 errors, 0 left on base; Seattle (APP) 4 - Detroit (APP) 4 |
| TOP OF THE 4TH |
|
Seattle (APP) Mariners batting - Pitching for Detroit (APP) Tigers : RHP Cam Hurley
|
|
Batting: RHB Ziven Badersky
|
0-0: Called Strike 0-1: Foul Ball, location: 2F 0-2: Strikes out looking
|
|
Batting: RHB Steve Carmichael
|
0-0: Swinging Strike 0-1: Swinging Strike 0-2: Ball 1-2: Foul Ball, location: 2F 1-2: Ball 2-2: Ball 3-2: Base on Balls
|
|
Batting: LHB Garrett Dodge
|
0-0: Ball 1-0: Called Strike 1-1: Ball 2-1: Ball 3-1: Called Strike 3-2: Strikes out looking Steve Carmichael steals 2nd base (no throw) Batter strikes out.
|
|
Batting: LHB Ryan Daniels
|
0-0: Called Strike 0-1: Ground out 4-3 (Groundball, 4, EV 105.6 MPH)
|
| Top of the 4th over - 0 runs, 0 hits, 0 errors, 1 left on base; Seattle (APP) 4 - Detroit (APP) 4 |
| BOTTOM OF THE 4TH |
|
Detroit (APP) Tigers batting - Pitching for Seattle (APP) Mariners : LHP Omar Gutierrez
|
|
Batting: RHB Nate Dabney
|
0-0: Foul Ball, location: 2F 0-1: Foul Ball, location: 2F 0-2: Foul Ball, location: 2F 0-2: Ball 1-2: Ball 2-2: Strikes out swinging
|
|
Batting: RHB Kevin Steed
|
0-0: Called Strike 0-1: Swinging Strike 0-2: Ball 1-2: TRIPLE (Flyball, 89XD, EV 95.0 MPH)
|
|
Pinch Runner at 3rd Glen Boyle:
|
|
|
Batting: RHB Alex Duarte
|
0-0: Ground out 3-1 (Groundball, 34, EV 88.8 MPH) Glen Boyle scores
|
|
Batting: RHB German Quiroga
|
0-0: Ball 1-0: SOLO HOME RUN (Flyball, 9D, EV 99.4 MPH), Distance : 366 ft
|
|
Pitching: LHP David Reyes
|
|
|
Batting: RHB Ernst Meloche
|
0-0: Called Strike 0-1: Ball 1-1: Foul Ball, location: 2F 1-2: Foul Ball, location: 2F 1-2: Foul Ball, location: 2F 1-2: Ball 2-2: Foul Ball, location: 2F 2-2: Strikes out swinging
|
| Bottom of the 4th over - 2 runs, 2 hits, 0 errors, 0 left on base; Seattle (APP) 4 - Detroit (APP) 6 |
| TOP OF THE 5TH |
|
Seattle (APP) Mariners batting - Pitching for Detroit (APP) Tigers : RHP Cam Hurley
|
|
Now at 1B: Brad Gaskill
|
|
|
Batting: RHB Carlton McDonald
|
0-0: Ball 1-0: Ball 2-0: Foul Ball, location: 2F 2-1: Foul Ball, location: 2F 2-2: Fly out, F9 (Flyball, 89M, EV 87.5 MPH)
|
|
Batting: LHB William Gonzales
|
0-0: Ball 1-0: Called Strike 1-1: Ball 2-1: Ball 3-1: Foul Ball, location: 2F 3-2: Fly out, F9 (Line Drive, 89M, EV 93.1 MPH)
|
|
Batting: RHB Rich Griffith
|
0-0: Ball 1-0: Ground out 4-3 (Groundball, 4S, EV 91.9 MPH)
|
| Top of the 5th over - 0 runs, 0 hits, 0 errors, 0 left on base; Seattle (APP) 4 - Detroit (APP) 6 |
| BOTTOM OF THE 5TH |
|
Detroit (APP) Tigers batting - Pitching for Seattle (APP) Mariners : LHP David Reyes
|
|
Batting: RHB Juan Acero
|
0-0: Ball 1-0: Ground out 5-3 (Groundball, 56, EV 97.5 MPH)
|
|
Batting: RHB Jeremiah Washington
|
0-0: Ball 1-0: SINGLE (Groundball, 4MD, EV 101.2 MPH)
|
|
Batting: RHB Jamie Villagrana
|
0-0: Ball 1-0: Swinging Strike 1-1: Foul Ball, location: 2F 1-2: Strikes out swinging
|
|
Batting: RHB John Barton
|
0-0: Fielders Choice at 2nd, 5-4 (Groundball, 56, EV 83.1 MPH)
|
| Bottom of the 5th over - 0 runs, 1 hit, 0 errors, 1 left on base; Seattle (APP) 4 - Detroit (APP) 6 |
| TOP OF THE 6TH |
|
Seattle (APP) Mariners batting - Pitching for Detroit (APP) Tigers : RHP Cam Hurley
|
|
Pitching: RHP Marshall Laurence
|
|
|
Batting: RHB Eddie Luna
|
0-0: Ball 1-0: Called Strike 1-1: Ball 2-1: Ball 3-1: Called Strike 3-2: Foul Ball, location: 2F 3-2: Foul Ball, location: 2F 3-2: Base on Balls
|
|
Batting: RHB Victor Rosas
|
0-0: Called Strike 0-1: Foul Ball, location: 2F 0-2: Strikes out swinging
|
|
Pinch Hitting: LHB Yoshihisa Kobayashi
|
0-0: Foul Ball, location: 2F 0-1: Ball 1-1: Grounds out, U3 (Groundball, 3L, EV 101.2 MPH)
|
|
Batting: RHB Steve Carmichael
|
0-0: Ball 1-0: Ball 2-0: Ball 3-0: Base on Balls
|
|
Batting: LHB Garrett Dodge
|
0-0: Ball 1-0: Foul Ball, location: 2F 1-1: Ball 2-1: Foul Ball, location: 2F 2-2: Strikes out swinging
|
| Top of the 6th over - 0 runs, 0 hits, 0 errors, 2 left on base; Seattle (APP) 4 - Detroit (APP) 6 |
| BOTTOM OF THE 6TH |
|
Detroit (APP) Tigers batting - Pitching for Seattle (APP) Mariners : LHP David Reyes
|
|
Now at 3B: Yoshihisa Kobayashi
|
|
|
Batting: RHB Nate Dabney
|
0-0: Called Strike 0-1: Called Strike 0-2: Foul Ball, location: 2F 0-2: Foul Ball, location: 2F 0-2: Hit by Pitch
|
|
Batting: LHB Brad Gaskill
|
0-0: Called Strike 0-1: Ball 1-1: Called Strike 1-2: Ball 2-2: Ball 3-2: Base on Balls Nate Dabney to second
|
|
Batting: RHB Alex Duarte
|
0-0: Ball 1-0: Called Strike 1-1: Ball 2-1: Called Strike 2-2: Foul Ball, location: 2F 2-2: Ball 3-2: Base on Balls Nate Dabney to third Brad Gaskill to second
|
|
Batting: RHB German Quiroga
|
0-0: Ball 1-0: Foul Ball, location: 2F 1-1: Called Strike 1-2: Ball 2-2: SINGLE (Groundball, 34, EV 98.8 MPH) Nate Dabney scores Brad Gaskill to third Alex Duarte to second
|
|
Batting: RHB Ernst Meloche
|
0-0: Ball Wild Pitch! Brad Gaskill scores Alex Duarte to third German Quiroga to second 1-0: Ball 2-0: Ball 3-0: Called Strike 3-1: Called Strike 3-2: Base on Balls
|
|
Pitching: RHP Domingo Maldonado
|
|
|
Batting: RHB Juan Acero
|
0-0: Ball 1-0: Called Strike 1-1: Ball 2-1: Ball 3-1: Base on Balls Alex Duarte scores German Quiroga to third Ernst Meloche to second
|
|
Batting: RHB Jeremiah Washington
|
0-0: Grounds into double play, 5-4-3 (Groundball, 56S, EV 82.5 MPH) German Quiroga scores Ernst Meloche to third
|
|
Batting: RHB Jamie Villagrana
|
0-0: Ball 1-0: Called Strike 1-1: Ball 2-1: Ball 3-1: Base on Balls
|
|
Batting: RHB John Barton
|
0-0: Fielders Choice at 2nd, 6-4 (Groundball, 6, EV 98.1 MPH)
|
| Bottom of the 6th over - 4 runs, 1 hit, 0 errors, 2 left on base; Seattle (APP) 4 - Detroit (APP) 10 |
| TOP OF THE 7TH |
|
Seattle (APP) Mariners batting - Pitching for Detroit (APP) Tigers : RHP Marshall Laurence
|
|
Batting: LHB Ryan Daniels
|
0-0: Foul Ball, location: 2F 0-1: Hit by Pitch
|
|
Batting: RHB Carlton McDonald
|
0-0: TRIPLE (Line Drive, 8LXD, EV 107.5 MPH) Ryan Daniels scores
|
|
Batting: LHB William Gonzales
|
0-0: Ball 1-0: Called Strike 1-1: Ball 2-1: Ball Passed Ball! Carlton McDonald scores 3-1: Base on Balls
|
|
Pitching: RHP David Kalinsky
|
|
|
Batting: RHB Rich Griffith
|
0-0: Ball 1-0: Called Strike 1-1: Fielders Choice at 2nd, 3-6 (Groundball, 34, EV 76.2 MPH)
|
|
Batting: RHB Eddie Luna
|
0-0: Called Strike 0-1: Ball 1-1: Ball 2-1: Called Strike 2-2: Grounds into double play, 5-4-3 (Groundball, 56, EV 105.0 MPH)
|
| Top of the 7th over - 2 runs, 1 hit, 0 errors, 0 left on base; Seattle (APP) 6 - Detroit (APP) 10 |
| BOTTOM OF THE 7TH |
|
Detroit (APP) Tigers batting - Pitching for Seattle (APP) Mariners : RHP Domingo Maldonado
|
|
Batting: RHB Nate Dabney
|
0-0: Foul Ball, location: 2F 0-1: Ball 1-1: Ball 2-1: Ground out 5-3 (Groundball, 56, EV 106.2 MPH)
|
|
Batting: LHB Brad Gaskill
|
0-0: Swinging Strike 0-1: Foul Ball, location: 2F 0-2: Hit by Pitch
|
|
Batting: RHB Alex Duarte
|
0-0: Fly out, F9 (Line Drive, 9D, EV 88.1 MPH)
|
|
Batting: RHB German Quiroga
|
0-0: Foul Ball, location: 2F 0-1: Swinging Strike 0-2: Ball 1-2: Ball 2-2: Single, Error in OF, E9, batter to second base (Groundball, 34D, EV 104.4 MPH) Brad Gaskill to third
|
|
Batting: RHB Ernst Meloche
|
0-0: Called Strike 0-1: Ball 1-1: Ball Wild Pitch! Brad Gaskill scores German Quiroga to third 2-1: Ball 3-1: Base on Balls
|
|
Batting: RHB Juan Acero
|
0-0: Foul Ball, location: 2F 0-1: Ball 1-1: Swinging Strike 1-2: Fielders Choice at 2nd, 6-4 (Groundball, 6, EV 80.0 MPH)
|
| Bottom of the 7th over - 1 run, 1 hit, 1 error, 2 left on base; Seattle (APP) 6 - Detroit (APP) 11 |
| TOP OF THE 8TH |
|
Seattle (APP) Mariners batting - Pitching for Detroit (APP) Tigers : RHP David Kalinsky
|
|
Batting: RHB Victor Rosas
|
0-0: Called Strike 0-1: Fly out, F4 (Line Drive, 4M, EV 62.5 MPH)
|
|
Batting: LHB Yoshihisa Kobayashi
|
0-0: Foul Ball, location: 2F 0-1: Swinging Strike 0-2: Ball 1-2: Strikes out swinging
|
|
Batting: RHB Steve Carmichael
|
0-0: Called Strike 0-1: Ball 1-1: Swinging Strike 1-2: Ball 2-2: Ball 3-2: Strikes out swinging
|
| Top of the 8th over - 0 runs, 0 hits, 0 errors, 0 left on base; Seattle (APP) 6 - Detroit (APP) 11 |
| BOTTOM OF THE 8TH |
|
Detroit (APP) Tigers batting - Pitching for Seattle (APP) Mariners : RHP Domingo Maldonado
|
|
Batting: RHB Jeremiah Washington
|
0-0: Ball 1-0: Ball 2-0: Swinging Strike 2-1: Foul Ball, location: 2F 2-2: Ball 3-2: Base on Balls
|
|
Batting: RHB Jamie Villagrana
|
0-0: Called Strike 0-1: Ball 1-1: 2-RUN HOME RUN (Flyball, 7D, EV 94.4 MPH), Distance : 368 ft
|
|
Batting: RHB John Barton
|
0-0: Swinging Strike 0-1: Fly out, F9 (Flyball, 89D, EV 85.0 MPH)
|
|
Batting: RHB Nate Dabney
|
0-0: Swinging Strike 0-1: Ground out 5-3 (Groundball, 56, EV 100.0 MPH)
|
|
Batting: LHB Brad Gaskill
|
0-0: Swinging Strike 0-1: Foul Ball, location: 2F 0-2: Ball 1-2: Strikes out swinging
|
| Bottom of the 8th over - 2 runs, 1 hit, 0 errors, 0 left on base; Seattle (APP) 6 - Detroit (APP) 13 |
| TOP OF THE 9TH |
|
Seattle (APP) Mariners batting - Pitching for Detroit (APP) Tigers : RHP David Kalinsky
|
|
Pinch Hitting: RHB Caleb Dean
|
0-0: Foul Ball, location: 2F 0-1: Foul Ball, location: 2F 0-2: SOLO HOME RUN (Flyball, 89XD, EV 98.1 MPH), Distance : 405 ft
|
|
Batting: LHB Ryan Daniels
|
0-0: Ground out 4-3 (Groundball, 4, EV 83.8 MPH)
|
|
Batting: RHB Carlton McDonald
|
0-0: Ball 1-0: Ground out 5-3 (Groundball, 56, EV 102.5 MPH)
|
|
Batting: LHB William Gonzales
|
0-0: Ball 1-0: Called Strike 1-1: Foul Ball, location: 2F 1-2: Ball 2-2: Ball 3-2: Base on Balls
|
|
Batting: RHB Rich Griffith
|
0-0: Called Strike 0-1: Fly out, F7 (Flyball, 78M, EV 91.2 MPH)
|
| Top of the 9th over - 1 run, 1 hit, 0 errors, 1 left on base; Seattle (APP) 7 - Detroit (APP) 13 |
|